 Dungeon Crawl Stone Soup version 0.22-a0-469-gf26638a71f (webtiles) character file.

2809 Kriby the Cleaver (level 10, -11/79 HPs)
             Began as a Human Abyssal Knight on June 11, 2018.
             Was a High Priest of Lugonu.
             Mangled by a two-headed ogre
             ... wielding a +0 giant spiked club
              (14 damage)
             ... on level 8 of the Dungeon.
             The game lasted 00:08:00 (9785 turns).

Kriby the Cleaver (Human Abyssal Knight)            Turns: 9785, Time: 00:08:01

Health: -11/79     AC: 11    Str: 15      XL:     10   Next: 2%
Magic:  12/12      EV:  5    Int: 13      God:    Lugonu [*****.]
Gold:   506        SH:  4    Dex: 10 (13) Spells: 9/9 levels left

rFire    . . .     SeeInvis .   v - +2 broad axe (venom)
rCold    . . .     Gourm    .   w - +0 buckler
rNeg     . . .     Faith    .   x - +0 plate armour
rPois    .         Spirit   .   (no helmet)
rElec    .         Reflect  .   (no cloak)
rCorr    +         Harm     .   (no gloves)
MR       .....                  (no boots)
Stlth    ..........             (no amulet)
HPRegen  0.23/turn              r - ring of resist corrosion
MPRegen  0.13/turn              i - ring of flight

@: hasted, very quick
A: no striking features
a: Depart the Abyss, Bend Space, Banish, Corrupt, Enter the Abyss, Renounce
Religion, Evoke Flight


You were on level 8 of the Dungeon.
You worshipped Lugonu.
Lugonu was extremely pleased with you.
You were near starving.

You visited 1 branch of the dungeon, and saw 8 of its levels.
You visited the Abyss 1 time.

You collected 690 gold pieces.
You spent 184 gold pieces at shops.

Inventory:

Hand Weapons
 a - a +1 hand axe
 v - a +2 broad axe of venom (weapon)
Missiles
 k - a throwing net (quivered)
Armour
 b - a +0 leather armour
 q - a +0 ring mail
 w - a +0 buckler (worn)
 x - a +0 plate armour (worn)
Jewellery
 i - a ring of flight (right hand)
 r - a ring of resist corrosion (left hand)
 B - an uncursed amulet of guardian spirit {unknown}
Wands
 t - a wand of digging (13) {@v1}
Scrolls
 e - 3 scrolls of enchant weapon {unknown}
 f - 6 scrolls of magic mapping {unknown}
 g - 2 scrolls of fog {unknown}
 h - 12 scrolls of identify {unknown}
 j - 4 scrolls of teleportation {unknown}
 l - 2 scrolls of enchant armour {unknown}
 m - 3 scrolls of amnesia {unknown}
 n - a scroll of random uselessness {unknown}
 p - 5 scrolls of remove curse {unknown}
 s - a scroll of blinking {unknown}
 y - a scroll of holy word {unknown}
 A - a scroll of acquirement {unknown}
Potions
 o - a potion of curing {@q1}
 u - a potion of flight
 z - 2 potions of brilliance
 C - 2 potions of might {unknown}
Comestibles
 c - 7 rations {@e1}


   Skills:
 + Level 7.0 Fighting
 * Level 9.3 Axes
 + Level 3.5 Armour
 + Level 3.0 Dodging
 - Level 4.0 Shields
 + Level 3.9 Invocations


You had 9 spell levels left.
You didn't know any spells.
Your spell library was empty.

Dungeon Overview and Level Annotations

Branches:
Dungeon (8/15)             Temple (0/1) D:5
   Lair: D:8-11

Altars:
Ashenzari
Gozag

Shops:
D:4 (   D:5 %


Message History

The two-headed ogre hits you with a giant spiked club!
You block the two-headed ogre's attack.
The two-headed ogre hits you with a giant spiked club.
Your plate armour prevents you from hitting the two-headed ogre.
The two-headed ogre is moderately wounded.
You hit the two-headed ogre but do no damage.
The two-headed ogre looks even sicker.
The two-headed ogre is moderately wounded.
The two-headed ogre hits you with a giant spiked club! x2
There is an escape hatch in the floor here.
Press: ? - help, Shift-Dir - straight line, f - two-headed ogre
Aim: a two-headed ogre, wielding two giant spiked clubs (moderately wounded, poisoned, chance to defeat MR: 68%)
You fail to use your ability.
The two-headed ogre hits you with a giant spiked club!
The two-headed ogre hits you with a giant spiked club!!
* * * LOW HITPOINT WARNING * * *
Okay, then.
You feel yourself speed up.
The two-headed ogre hits you with a giant spiked club!
You die...

.#.####### ...#.. .)#
...#.###.# .<.#.....# #
.........#.# .#.#..##.#.#
.#.#.......#
.#.##.##.###################
.#.........>...O@..........#
.#.##.......##############.#
.#.####.....# #.# .#.#
####### #.# .#.# #.# .#.#
#.# #.# #.# #.#


You could see a two-headed ogre.

Vanquished Creatures
  A hornet (D:6)
  Menkaure (D:6)
  Duvessa (D:7)
  2 ice beasts (D:5)
  2 sky beasts
  2 ogres
  6 big kobolds
  2 bullfrogs
  Dowan (D:7)
  4 howler monkeys (D:7)
  5 crimson imps
  A bullfrog zombie (D:6)
  2 jellies
  4 hounds
  4 orc priests
  5 orc wizards
  2 iguanas
  6 worker ants
  7 adders
  7 gnolls
  2 shadow imps (D:7)
  2 oozes
  3 adder skeletons
  3 worms
  2 dart slugs
  5 leopard geckos
  15 orcs
  7 giant cockroaches
  A goblin (D:2)
  10 hobgoblins
  8 jackals
  2 ball pythons
  8 bats
  5 frilled lizards
  48 kobolds
  2 leopard gecko skeletons
  12 rats
200 creatures vanquished.

Notes
Turn   | Place    | Note
-------+----------+-------------------------------------------
     0 | Abyss:1  | Kriby the Human Abyssal Knight began the quest for the Orb.
     0 | Abyss:1  | Reached XP level 1. HP: 18/18 MP: 2/2
    49 | Abyss:1  | Noticed an orange demon
    56 | D:1      | Escaped the Abyss
   421 | D:1      | Reached * piety under Lugonu
   426 | D:1      | Reached XP level 2. HP: 19/24 MP: 3/3
   890 | D:1      | Reached XP level 3. HP: 20/29 MP: 4/4
  1047 | D:1      | Reached skill level 3 in Axes
  1653 | D:2      | Reached ** piety under Lugonu
  1839 | D:2      | Reached XP level 4. HP: 26/35 MP: 5/5
  2618 | D:3      | Reached skill level 4 in Axes
  2618 | D:3      | Reached XP level 5. HP: 23/42 MP: 6/6
  2976 | D:3      | Found a faded altar of an unknown god.
  3924 | D:3      | Noticed a big kobold
  3924 | D:3      | Noticed a big kobold
  3951 | D:3      | Killed a big kobold
  3951 | D:3      | Reached skill level 5 in Axes
  3951 | D:3      | Reached XP level 6. HP: 14/49 MP: 7/7
  4297 | D:3      | Reached *** piety under Lugonu
  4305 | D:3      | Reached XP level 7. HP: 14/55 MP: 8/8
  4959 | D:3      | Reached skill level 5 in Fighting
  4959 | D:3      | Reached skill level 6 in Axes
  5339 | D:4      | Found Konougupn's Weapon Shoppe.
  5346 | D:4      | Bought a +2 broad axe of venom for 184 gold pieces
  5441 | D:4      | Found an opulent altar of Gozag.
  5909 | D:5      | Entered Level 5 of the Dungeon
  5986 | D:5      | Reached skill level 7 in Axes
  5986 | D:5      | Reached skill level 1 in Shields
  5986 | D:5      | Reached XP level 8. HP: 29/63 MP: 9/9
  6228 | D:5      | Reached **** piety under Lugonu
  6329 | D:5      | Found a staircase to the Ecumenical Temple.
  6472 | D:5      | Found a shattered altar of Ashenzari.
  6754 | D:5      | Found Umax's Food Shoppe.
  6989 | D:5      | Reached skill level 8 in Axes
  7431 | D:6      | Reached XP level 9. HP: 66/70 MP: 10/10
  7523 | D:6      | Noticed a hornet
  7528 | D:6      | Killed a hornet
  7939 | D:6      | Noticed Menkaure
  8005 | D:6      | Killed Menkaure
  8648 | D:7      | Reached skill level 9 in Axes
  8798 | D:7      | Noticed Dowan
  8800 | D:7      | Noticed Duvessa
  8808 | D:7      | Killed Dowan
  8810 | D:7      | Killed Duvessa
  8922 | D:7      | Reached ***** piety under Lugonu
  9240 | D:7      | Reached XP level 10. HP: 79/79 MP: 12/12
  9755 | D:8      | Noticed a two-headed ogre
  9784 | D:8      | HP: 2/79 [two-headed ogre/giant spiked club (25)]
  9785 | D:8      | Mangled by a two-headed ogre

Vault maps used:
D:1:      minmay_arrival_stair_chambers
D:3:      minmay_goblin_kobold_castle, chequers_ecumenical_altar_simple,
          first_ration
D:4:      serial_shops, shop_fountains, grunt_gozag_breadcrumbs
D:5:      nicolae_overflow_hidden_temple, minmay_temple_entry_from_below_a,
          serial_shops, nicolae_shop_trees
D:6:      uniq_menkaure
D:7:      st_stairs_14, uniq_duvessa
D:8:      lair_entry_dummy

Skill      XL: |  1  2  3  4  5  6  7  8  9 |
---------------+----------------------------+-----
Axes           | 3 4 5 7 8 9 |  9.3
Fighting       | 4 5 6 7 |  7.0
Shields        | 1 3 4 |  4.0
Dodging        | 3 |  3.0
Invocations    | 3 |  3.9
Armour         | 3 |  3.5

Action                   |  1- 3 |  4- 6 |  7- 9 | 10-12 || total
-------------------------+-------+-------+-------+-------++-------
Melee: Hand axe          |    97 |   172 |    88 |       ||   357
       Broad axe         |       |       |   223 |     8 ||   231
Invok: Depart the Abyss  |     1 |       |       |       ||     1
Evoke: Wand              |       |       |     1 |       ||     1
  Use: Potion            |       |     4 |     5 |     1 ||    10
 Stab: Sleeping          |     1 |       |     1 |       ||     2
       Invisible         |       |     5 |       |       ||     5
  Eat: Chunk             |     3 |     6 |    11 |       ||    20
       Ration            |       |       |     2 |       ||     2
Armor: Leather armour    |    37 |    37 |     4 |       ||    78
       Ring mail         |       |       |    42 |       ||    42
       Plate armour      |       |       |    81 |     2 ||    83
Dodge: Dodged            |    69 |   113 |   135 |       ||   317
Block: Buckler           |       |       |    33 |     3 ||    36

Table legend:
 A = Spawn XP
 B = Non-spawn XP
 C = Spawn XP percentage of total XP
 D = Spawn monster count
 E = Non-spawn monster count
 F = Spawn count percentage of total count
 G = Total turns spent on level
                    A         B        C        D         E        F      G
               +---------+---------+-------+---------+---------+-------+---------
         Total |       0 |    4014 |   0.0 |       0 |     200 |   0.0 |  9785
               +---------+---------+-------+---------+---------+-------+---------
           D:1 |       0 |      36 |   0.0 |       0 |      22 |   0.0 |  1431
           D:2 |       0 |      82 |   0.0 |       0 |      31 |   0.0 |  1109
           D:3 |       0 |     676 |   0.0 |       0 |      58 |   0.0 |  2641
           D:4 |       0 |     182 |   0.0 |       0 |      16 |   0.0 |   672
           D:5 |       0 |     878 |   0.0 |       0 |      23 |   0.0 |  1463
           D:6 |       0 |     798 |   0.0 |       0 |      13 |   0.0 |   934
           D:7 |       0 |    1357 |   0.0 |       0 |      36 |   0.0 |  1384
           D:8 |       0 |       5 |   0.0 |       0 |       1 |   0.0 |    95
               +---------+---------+-------+---------+---------+-------+---------
